 Dungeon Crawl Stone Soup version 0.30-a0-4-ga7cffc901d (webtiles) character file.

Game seed: 1823640673393075829

57 purpskrrrp the Sneak (level 3, -2/28 HPs)
             Began as a Palentonga Brigand on Aug 21, 2022.
             Was a Follower of Nemelex Xobeh.
             Slain by a hobgoblin (3 damage)
             ... led by Robin
             ... on level 2 of the Dungeon.
             The game lasted 00:04:34 (1015 turns).

purpskrrrp the Sneak (Palentonga Brigand)           Turns: 1015, Time: 00:04:35

Health: -2/28      AC:  9    Str: 16 (18) XL:     3   Next: 73%
Magic:  3/3        EV:  9    Int: 10 (11) God:    Nemelex Xobeh [*.....]
Gold:   87         SH:  0    Dex:  9 (11) Spells: 2/2 levels left

rFire   . . .      SeeInvis +    m - +0 spear
rCold   . . .      Faith    .    (no shield)
rNeg    . . .      Spirit   .    b - +0 robe
rPois   .          Reflect  .    (no helmet)
rElec   .          Harm     .    c - +0 cloak
rCorr   .          Rampage  .    (no gloves)
Will    .....                    (no barding)
Stlth   ++........               (no amulet)
HPRegen 0.09/turn                i - +4 ring of protection
MPRegen 0.08/turn                (no ring)

@: no status effects
A: large, rugged brown scales 3, see invisible, deformed body, roll 1, armoured
tail
a: Rolling Charge, Renounce Religion, Draw Escape, Draw Destruction, Draw
Summoning


You were on level 2 of the Dungeon.
You worshipped Nemelex Xobeh.
Nemelex Xobeh was aware of your devotion.
You visited 1 branch of the dungeon, and saw 2 of its levels.

You collected 87 gold pieces.

Inventory:

Hand Weapons
 a - a +2 dagger
 m - a +0 spear (weapon)
Missiles
 d - 11 poisoned darts
 e - 3 curare-tipped darts
Armour
 b - a +0 robe (worn)
 c - a +0 cloak (worn)
Jewellery
 i - a +4 ring of protection (left hand)
Scrolls
 h - a scroll of identify
Potions
 f - a potion of flight


   Skills:
 - Level 2.0 Fighting
 + Level 3.2 Short Blades
 - Level 1.3 Throwing
 - Level 0.7 Dodging
 + Level 3.3 Stealth


You had 2 spell levels left.
You didn't know any spells.
Your spell library contained the following spells:

 Spells                   Type           Power      Damage    Failure   Level
 Blink                    Tloc           0%         N/A       50%         2
 Manifold Assault         Tloc           0%         N/A       100%        5
 Storm Form               Tmut/Air       0%         N/A       100%        7


Dungeon Overview and Level Annotations

Branches:
Dungeon (2/15)

Altars:
Nemelex Xobeh

Annotations:
D:2 Robin


Innate Abilities, Weirdness & Mutations

You are completely covered in rugged brown scales. (AC +3, +7% HP)
You have supernaturally acute eyesight. (SInv)
Armour fits poorly on your strangely shaped body.
You can roll at nearby foes to attack.
You have a long armoured tail.


Message History

* * * LOW HITPOINT WARNING * * *
Robin throws the goblin at you!
* * * LOW HITPOINT WARNING * * *
It was a potion of degeneration.
There was something very wrong with that liquid.
You feel weakened.
You feel dopey.
You feel clumsy. The goblin closely misses you. The hobgoblin misses you.
The goblin hits you but does no damage.
Robin roars a battlecry!
It was a potion of curing.
You feel better. The goblin closely misses you.
The hobgoblin closely misses you. The goblin hits you but does no damage.
The hobgoblin closely misses you.
Things that are here:
a +0 dagger; a +0 dagger You hit Robin but do no damage.
The goblin closely misses you. The hobgoblin misses you.
You barely miss Robin.
The hobgoblin no longer looks unusually strong.
The goblin closely misses you. The hobgoblin hits you.
You hit Robin.
Robin is moderately wounded.
The goblin no longer looks unusually strong.
The goblin barely misses you. Robin hits you but does no damage.
The hobgoblin hits you.
* * * LOW HITPOINT WARNING * * *
You hit Robin.
Robin is moderately wounded.
The goblin barely misses you.
Robin roars a battlecry!
The goblins go into a battle-frenzy!
The hobgoblin hits you.
* * * LOW HITPOINT WARNING * * *
You barely miss Robin.
Robin is moderately wounded.
The goblin no longer looks unusually strong.
The goblin hits you with a +0 club.
* * * LOW HITPOINT WARNING * * *
The hobgoblin hits you.
You die...
Your body disappears without a glow.

#.##.#.##..#...
#..#.........#.
##.#..#.##..###.
##........#.<###.
##.#..............
#..........#######
#.)#..##...#
.#######g#...#)#..#
......gg@gg...........
.#####g###########.....


.gg ##... ..### ... #.. ## #. # ##### #.... You could see Robin, a hobgoblin
(strong) and 5 goblins.

Vanquished Creatures
  2 gnolls (D:1)
  An adder (D:2)
  2 ball pythons (D:1)
  2 giant cockroaches
  9 goblins
  A hobgoblin (D:1)
  A kobold (D:2)
  A quokka (D:1)
  6 bats (D:1)
  3 rats
28 creatures vanquished.

Notes
Turn   | Place    | Note
-------+----------+-------------------------------------------
     0 | D:1      | purpskrrrp the Palentonga Brigand began the quest for the
                  | Orb.
     0 | D:1      | Reached XP level 1. HP: 17/17 MP: 1/1
   183 | D:1      | Reached XP level 2. HP: 19/23 MP: 2/2
   431 | D:1      | Found a faded altar of an unknown god.
   589 | D:1      | Reached XP level 3. HP: 28/28 MP: 3/3
   780 | D:1      | Prayed at the altar of an unknown god.
   780 | D:1      | Became a worshipper of Nemelex Xobeh the Trickster
   780 | D:1      | Reached * piety under Nemelex Xobeh
   981 | D:2      | Noticed Robin
  1015 | D:2      | HP: 1/28 [goblin/+0 club[Robin] (3)]
  1015 | D:2      | Slain by a hobgoblin

Illustrated notes

Levels and vault maps discovered:
D:1:      sevenhm_arrival_forest_fort_small_3, layout_basic,
          shapermc_ecumenical_altar_petra, st_stairs_3,
          kennysheep_pointless_box, corexii_leaking_fountain
D:2:      minmay_general_purpose_star, layout_loops_cross, uniq_robin,
          uniq_crazy_yiuf_cottage

Skill      XL: |  1  2  3 |
---------------+----------+-----
Stealth        | 3 |  3.3
Short Blades   | 3 |  3.2
Fighting       | |  2.0
Throwing       | |  1.3
Dodging        | |  0.7

Action                   || total
-------------------------++-------
Melee: Dagger            ||    36
       Tailslap          ||     7
       Spear             ||    53
Throw: Dart              ||     1
 Abil: Rolling Charge    ||     2
  Use: Scroll            ||     3
       Potion            ||     2
 Stab: Sleeping          ||     8
Armor: Robe              ||    58
Dodge: Dodged            ||    51

Table legend: (Time is in decaauts)
 A = Elapsed time spent in this place.
 B = Non-inter-level travel time spent in this place.
 C = Inter-level travel time spent in this place.
 D = Time resting spent in this place.
 E = Time spent auto-exploring this place.
 F = Levels seen in this place.
 G = Mean time per level.
                   A        B        C        D        E       F      G
               +--------+--------+--------+--------+--------+-----+--------+
         Total |   1017 |    960 |     57 |      0 |    749 |   2 |  508.5 |
       Dungeon |   1017 |    960 |     57 |      0 |    749 |   2 |  508.5 |
               +--------+--------+--------+--------+--------+-----+--------+

Top non-repeatable levels by time:
     D:1: 820 daAuts
     D:2: 196 daAuts
